 Dungeon Crawl Stone Soup version 0.30-a0-585-g93115170b9 (webtiles) character file.

Game seed: 8513828756053691627

11704 bmack86 the Cleaver (level 11, -2/99 HPs)
             Began as a Minotaur Fighter on Jan 2, 2023.
             Was a High Priest of Okawaru.
             Killed from afar by an ice statue (17 damage)
             ... with a shard of ice
             ... in a Gauntlet.
             The game lasted 00:24:02 (9885 turns).

bmack86 the Cleaver (Minotaur Fighter)              Turns: 9885, Time: 00:24:02

Health: -2/99      AC: 24    Str: 25    XL:     11   Next: 52%
Magic:  9/10       EV: 27    Int:  5    God:    Okawaru [*****.]
Gold:   1637       SH:  6    Dex: 10    Spells: 10/10 levels left

rFire   . . .      SeeInvis +    k - +2 broad axe (drain)
rCold   . . .      Faith    .    c - +0 buckler
rNeg    . . .      Spirit   .    J - +7 plate armour of the Journeyman {Fly}
rPois   .          Reflect  .    x - +2 hat
rElec   .          Harm     .    (no cloak)
rCorr   .          Rampage  .    (no gloves)
Will    .....      NoTele   +    n - +0 pair of boots {Stlth+} Stlth
                                 F - amulet of the acrobat
HPRegen 0.36/turn                b - ring of see invisible
MPRegen 0.12/turn                t - +5 ring of evasion

@: acrobatic, flying
A: horns 2, retaliatory headbutt
a: Renounce Religion, Heroism, Finesse, Duel


You were in a Gauntlet.
You worshipped Okawaru.
Okawaru was extremely pleased with you.
You visited 3 branches of the dungeon, and saw 12 of its levels.
You also visited: Gauntlet.

You collected 1637 gold pieces.

Inventory:

Hand Weapons
 a - a +0 war axe
 k - a +2 broad axe of draining (weapon)
 y - a +0 dagger
Missiles
 g - 119 poisoned darts
 v - 4 boomerangs
 w - 5 datura-tipped darts (quivered)
 z - a curare-tipped dart
 B - 2 atropa-tipped darts
Armour
 c - a +0 buckler (worn)
 d - a +2 tower shield
 n - a +0 pair of boots of stealth (worn)
 x - a +2 hat (worn)
 J - the +7 plate armour of the Journeyman (worn) {Fly}
   (You acquired it on level 1 of the Lair of Beasts)

   Fly:       It grants you flight.
Jewellery
 b - a ring of see invisible (left hand)
 t - a +5 ring of evasion (right hand)
 F - an amulet of the acrobat (around neck)
Wands
 f - a wand of polymorph (7)
 m - a wand of iceblast (8)
 o - a wand of flame (22)
Scrolls
 l - 7 scrolls of teleportation
 u - 2 scrolls of magic mapping
 D - a scroll of fog
Potions
 e - 4 potions of curing
 h - 2 potions of berserk rage
 i - 5 potions of attraction
 j - a potion of mutation
 p - 2 potions of lignification
 q - 2 potions of ambrosia {unknown}
 r - 2 potions of degeneration {unknown}
 s - 3 potions of magic {unknown}
 A - 2 potions of heal wounds
 C - a potion of resistance {unknown}
 E - a potion of invisibility {unknown}
 G - a potion of haste {unknown}
 H - a potion of might
 I - a potion of flight {unknown}


   Skills:
 + Level 9.7 Fighting
 * Level 13.0 Axes
 + Level 7.4 Throwing
 + Level 9.7 Armour
 + Level 9.8 Shields


You had 10 spell levels left.
You didn't know any spells.
Your spell library contained the following spells:

 Spells                   Type           Power      Damage    Failure   Level
 Cigotuvi's Dreadful Rot  Necr/Pois/Air  0%         N/A       100%        2
 Portal Projectile        Hex/Tloc       0%         N/A       100%        3
 Dispel Undead            Necr           0%         3d6       100%        4
 Leda's Liquefaction      Hex/Erth       0%         N/A       100%        4
 Call Canine Familiar     Summ           Unusable   N/A       N/A         3
 Death Channel            Necr           Unusable   N/A       N/A         6

Dungeon Overview and Level Annotations

Branches:
Dungeon (10/15)            Temple (1/1) D:6            Lair (1/5) D:9
Gauntlet (1/1)
    Orc: D:9-12

Altars:
Ashenzari
Cheibriados
Dithmenos
Elyvilon
Fedhas
Gozag
Hepliaklqana
Kikubaaqudgha
Makhleb
Nemelex Xobeh
Okawaru
Qazlal
Ru
Sif Muna
Trog
Uskayaw
Vehumet
Wu Jian
Xom
Yredelemnul
Zin
The Shining One

Shops:
D:2 (   D:9 *

Portals:
Trove: D:10 (give +7 demon trident)

Annotations:
Gauntlet 10 transporters, exclusion: ice statue


Innate Abilities, Weirdness & Mutations

You have a pair of horns on your head.
You reflexively headbutt those who attack you in melee.


Message History

Your base Axes skill increases to level 13!
The ice statue gestures at you. The freezing blast misses you.
The wizard wildly gestures.
The wizard shimmers violently.
The ice beast completely misses you. You furiously retaliate!
You headbutt the ice beast.
You see here a rime drake corpse.
Unknown command.
Unknown command.
Unknown command.
The wizard shouts!
You hit the ice beast. You drain the ice beast.
The ice beast is moderately wounded.
You are engulfed in freezing vapours.
Something shouts, "Scamper away, thou feckless moon-mazed blabberskite!"
You slash the ice beast! You drain the ice beast. You headbutt the ice beast.
You kill the ice beast!
The ice beast disappears in a puff of smoke!
You are engulfed in freezing vapours.
The ice encasing you melts away.
The ice statue gestures.
You are engulfed in freezing vapours.
You feel like a meek peon again.
The white imp laughs crazily.
The ice beast hits you but does no damage.
You hit the ice beast. You headbutt the ice beast!
The ice beast is severely wounded.
You are engulfed in freezing vapours.
The ice beast barely misses you. You furiously retaliate!
You headbutt the ice beast!
You kill the ice beast!
The ice beast disappears in a puff of smoke!
You are engulfed in freezing vapours.
The ice statue gestures at you. The bolt of cold hits you!
* * * LOW HITPOINT WARNING * * *
You see here a scroll of teleportation.
The ice statue gestures at you. The shard of ice hits you!
You die...

#...#..#.#.≈≈≈≈≈.P.#########.....
##.###.#.#.#≈#≈#...###....p#.....
.......#.#..PP.P...####.##5#...P.
########.#...♣P..###..5. #:#...♣.
.......#.#.......#©#.#.©.#©#.P...
.♣P.P♣.#.#########.#.##..(5#.♣..#
..PP.P.#.#.°8#8°8#.#p##.####...##
≈..♣P..#.#...8..?#.#p5..5###...≈#
##..P..#.#8.8†8.@#.#########...≈≈
#≈..♣.#©##8†©.8©#©#.........♣.≈#
#≈≈...###8.8.8..#.#########...##
####....#...8...#.#......t#...≈#
#≈...#..8#8..#.#..#.#.[#.P.≈≈
#≈≈..#########.#..#.#..#.♣.≈#
####.........#©#..#©#.©#.P.##
#≈..♣P♣.♣.###..#.#.=#...≈#
#≈≈.....P...#..#.#.!#.P.≈≈


You could see an ice statue, 2 wizards and 2 white imps.

Vanquished Creatures
  3 two-headed ogres
  The ghost of Newt the Basher, a novice DsGl of Gozag (D:9)
  An ugly thing (D:9)
  A kobold demonologist (D:8)
  2 rime drakes (Gauntlet)
  A komodo dragon (D:9)
  A troll (D:9)
  A hornet (D:9)
  2 centaur simulacra (Gauntlet)
  A wraith (D:10)
  7 yaks (D:10)
  2 steam dragons
  Duvessa (D:5)
  An acid dragon (D:9)
  2 water moccasins (D:8)
  2 meliai simulacra (Gauntlet)
  2 black bears
  2 orc warriors
  2 sky beasts (D:7)
  3 ice beasts
  3 centaurs
  3 ogres (D:5)
  A phantom (D:4)
  Blork the orc (D:5)
  16 kobold brigands
  2 necrophages
  3 bullfrogs
  2 scorpions
  4 wights
  A hornet simulacrum (Gauntlet)
  Dowan (D:5)
  26 killer bees
  An electric eel (D:6)
  2 hounds
  2 jellies
  2 orc priests
  2 gnoll boudas (D:9)
  3 iguanas
  Natasha (thrice) (D:2)
  4 orc wizards
  4 adders
  17 gnolls
  4 shadow imps
  2 white imps
  An ufetubus (D:6)
  A worm (D:3)
  2 dart slugs
  14 orcs
  6 endoplasms
  5 giant cockroaches
  6 goblins
  11 hobgoblins
  3 jackals (D:4)
  5 quokkas
  4 ball pythons
  A bat (D:2)
  A frilled lizard (D:2)
  17 kobolds
  9 rats
233 creatures vanquished.

Vanquished Creatures (collateral kills)
  A kobold (D:7)
1 creature vanquished.

Vanquished Creatures (others)
  A kobold (D:7)
  5 demonic plants (D:6)
  13 plants
19 creatures vanquished.

Grand Total: 253 creatures vanquished

Notes
Turn   | Place    | Note
-------+----------+-------------------------------------------
     0 | D:1      | bmack86 the Minotaur Fighter began the quest for the Orb.
     0 | D:1      | Reached XP level 1. HP: 19/19 MP: 0/0
   164 | D:1      | Reached XP level 2. HP: 27/27 MP: 1/1
   372 | D:1      | Reached skill level 3 in Axes
   998 | D:2      | Reached XP level 3. HP: 25/33 MP: 2/2
  1030 | D:2      | Reached skill level 1 in Throwing
  1098 | D:2      | Found Igebiuda's Antique Weapon Shoppe.
  1509 | D:2      | Noticed Natasha
  1516 | D:2      | Killed Natasha
  1517 | D:2      | Reached XP level 4. HP: 40/40 MP: 3/3
  1745 | D:2      | Noticed Natasha
  1750 | D:2      | Killed Natasha
  1751 | D:2      | Reached skill level 4 in Axes
  1803 | D:2      | Noticed Natasha
  1807 | D:2      | Killed Natasha
  1808 | D:2      | Reached XP level 5. HP: 40/47 MP: 4/4
  2861 | D:4      | Reached XP level 6. HP: 30/53 MP: 5/5
  3087 | D:4      | Reached skill level 5 in Axes
  3459 | D:4      | Reached skill level 5 in Fighting
  3459 | D:4      | Reached skill level 5 in Armour
  3459 | D:4      | Reached skill level 5 in Shields
  3619 | D:4      | Identified a scroll of acquirement
  3619 | D:4      | Acquired a +0 broad axe of draining
  3689 | D:5      | Entered Level 5 of the Dungeon
  3722 | D:5      | Reached XP level 7. HP: 50/61 MP: 6/6
  3845 | D:5      | Reached skill level 6 in Axes
  3885 | D:5      | Found a shimmering blue altar of Sif Muna.
  4089 | D:5      | Reached XP level 8. HP: 70/70 MP: 7/7
  4165 | D:5      | Noticed Duvessa
  4167 | D:5      | Noticed Dowan
  4169 | D:5      | Killed Duvessa
  4170 | D:5      | Reached skill level 7 in Axes
  4184 | D:5      | Killed Dowan
  4351 | D:5      | Noticed Blork the orc
  4354 | D:5      | Killed Blork the orc
  4998 | D:6      | Reached skill level 8 in Axes
  5131 | D:6      | Found a staircase to the Ecumenical Temple.
  5142 | Temple   | Entered the Ecumenical Temple
  5154 | Temple   | Became a worshipper of Warmaster Okawaru
  5906 | D:6      | Reached XP level 9. HP: 78/78 MP: 8/8
  6097 | D:7      | Reached * piety under Okawaru
  6155 | D:7      | Reached skill level 9 in Axes
  6623 | D:7      | Reached skill level 5 in Throwing
  6849 | D:8      | Reached ** piety under Okawaru
  6971 | D:8      | Reached skill level 10 in Axes
  7136 | D:8      | Noticed a kobold demonologist
  7159 | D:8      | Reached XP level 10. HP: 84/88 MP: 7/9
  7176 | D:8      | Reached *** piety under Okawaru
  7477 | D:9      | Reached skill level 11 in Axes
  7631 | D:9      | Found Waehauh's Assorted Antiques.
  7645 | D:9      | Found a runed translucent door.
  7645 | D:9      | Noticed a brown ugly thing
  7650 | D:9      | Noticed Newt's ghost (novice DsGl)
  7666 | D:9      | Killed a brown ugly thing
  7688 | D:9      | Killed Newt's ghost
  7688 | D:9      | Received a gift from Okawaru
  7943 | D:9      | Acquired 1016 gold pieces
  8291 | D:9      | Noticed a two-headed ogre
  8298 | D:9      | Killed a two-headed ogre
  8301 | D:9      | Reached **** piety under Okawaru
  8302 | D:9      | Reached skill level 12 in Axes
  8394 | D:9      | Noticed a two-headed ogre
  8401 | D:9      | Killed a two-headed ogre
  8402 | D:9      | Reached XP level 11. HP: 69/97 MP: 10/10
  8547 | D:9      | Found a staircase to the Lair.
  8660 | D:10     | Entered Level 10 of the Dungeon
  8999 | D:10     | Found a portal to a secret trove of treasure.
  9123 | D:10     | Noticed a two-headed ogre
  9127 | D:10     | Killed a two-headed ogre
  9127 | D:10     | Reached ***** piety under Okawaru
  9551 | Lair:1   | Entered Level 1 of the Lair of Beasts
  9595 | Lair:1   | Found a gate leading to a gauntlet.
  9621 | Lair:1   | Acquired the +7 plate armour of the Journeyman {Fly}
  9638 | Gauntlet | Entered a Gauntlet
  9638 | Gauntlet | Found a transporter.
  9643 | Gauntlet | Found a transporter.
  9645 | Gauntlet | Found a transporter.
  9663 | Gauntlet | Found a transporter.
  9665 | Gauntlet | Found a transporter.
  9668 | Gauntlet | Noticed a wizard
  9673 | Gauntlet | Noticed a ghost crab
  9681 | Gauntlet | Found a transporter.
  9695 | Gauntlet | Found a transporter.
  9699 | Gauntlet | Noticed a wizard
  9705 | Gauntlet | Found a transporter.
  9705 | Gauntlet | Noticed a sun demon
  9715 | Gauntlet | Found a transporter.
  9719 | Gauntlet | Noticed a cacodemon
  9731 | Gauntlet | Found a transporter.
  9735 | Gauntlet | Noticed a death scarab
  9740 | Gauntlet | Found a transporter.
  9745 | Gauntlet | Found a transporter.
  9870 | Gauntlet | Found a transporter.
  9877 | Gauntlet | Reached skill level 13 in Axes
  9885 | Gauntlet | Identified the amulet of Neurosis {Faith Rampage Slay+2
                  | Stlth-}
  9885 | Gauntlet | Killed from afar by an ice statue

Illustrated notes

Levels and vault maps discovered:
D:1:      psy_arrival_terrarium, layout_basic, serial_park_tiny_1
D:2:      layout_basic, serial_shops, nicolae_shop_overgrown_old_shop,
          grunt_ministairs_14, uniq_natasha
D:3:      layout_basic
D:4:      layout_loops_ring, minmay_misc_feat_four_crosses
D:5:      layout_loops_corners, mainiacjoe_overflow_alcove_2, uniq_duvessa,
          uniq_blork_the_orc
D:6:      layout_loops_ring, minmay_temple_entry_drinking_statues,
          serial_demonic, serial_demonic_c, serial_demonic_f, serial_demonic_f,
          serial_demonic_f
D:7:      layout_rooms, minivault_1
D:8:      layout_rooms, special_room [special_room_kobold], minivault_1
D:9:      layout_small_grid, david_lair_shrubbed, serial_shops, shop,
          ebering_ghost_inner_flame
D:10:     layout_roguey, serial_rivers, chequers_serial_rivers_room_a,
          chequers_serial_rivers_micro_b, chequers_serial_rivers_micro_d,
          chequers_serial_rivers_small_a, chequers_serial_rivers_small_3,
          nicolae_trove_entry_crossroad
Temple:   nicolae_temple_bog_church
Lair:1:   layout_regular_city, gauntlet_entry_generic
Gauntlet: minmay_gauntlet_77_tree [minmay_gauntlet_arena_77_broken_ladder,
          minmay_gauntlet_arena_77_terracotta_army,
          minmay_gauntlet_arena_77_two_lines,
          minmay_gauntlet_arena_77_chump_sandwich,
          minmay_gauntlet_arena_77_p_blocks, minmay_gauntlet_arena_77_fan,
          minmay_gauntlet_arena_77_checkered,
          nicolae_gauntlet_exit_dead_adventurers]

Skill      XL: |  1  2  3  4  5  6  7  8  9 10 11 |
---------------+----------------------------------+-----
Axes           | 3 4 5 6 8 10 12 13 | 13.0
Fighting       | 4 5 6 7 9 |  9.7
Throwing       | 1 2 3 4 5 6 7 |  7.4
Shields        | 4 5 6 7 9 |  9.8
Armour         | 4 5 6 7 9 |  9.7

Action                   |  1- 3 |  4- 6 |  7- 9 | 10-12 || total
-------------------------+-------+-------+-------+-------++-------
Melee: War axe           |    93 |    94 |       |       ||   187
       Headbutt          |    11 |    15 |    30 |    32 ||    88
       Broad axe         |       |     6 |   195 |   194 ||   395
Throw: Dart              |       |    10 |     5 |       ||    15
Invok: Heroism           |       |       |     2 |     8 ||    10
       Finesse           |       |       |       |     1 ||     1
  Use: Scroll            |     1 |     8 |     5 |     5 ||    19
       Potion            |       |     1 |     3 |       ||     4
Armor: Scale mail        |     8 |       |       |       ||     8
       Chain mail        |    60 |    17 |       |       ||    77
       Plate armour      |       |    63 |   126 |   110 ||   299
Dodge: Dodged            |    42 |    32 |   106 |   138 ||   318
Block: Buckler           |    22 |    15 |    70 |    75 ||   182

Table legend: (Time is in decaauts)
 A = Elapsed time spent in this place.
 B = Non-inter-level travel time spent in this place.
 C = Inter-level travel time spent in this place.
 D = Time resting spent in this place.
 E = Time spent auto-exploring this place.
 F = Levels seen in this place.
 G = Mean time per level.
                   A        B        C        D        E       F      G
               +--------+--------+--------+--------+--------+-----+--------+
         Total |   9995 |   9737 |    258 |    737 |   6014 |  13 |  768.8 |
       Dungeon |   9436 |   9178 |    258 |    737 |   5830 |  10 |  943.6 |
        Temple |    234 |    234 |      0 |      0 |    183 |   1 |  234.0 |
          Lair |     86 |     86 |      0 |      0 |      0 |   1 |   86.0 |
      Gauntlet |    238 |    238 |      0 |      0 |      0 |   1 |  238.0 |
               +--------+--------+--------+--------+--------+-----+--------+

Top non-repeatable levels by time:
     D:9: 1233 daAuts
     D:5: 1182 daAuts
     D:6: 1154 daAuts
     D:1: 976 daAuts
     D:2: 937 daAuts
     D:4: 933 daAuts
     D:3: 905 daAuts
    D:10: 868 daAuts
     D:8: 704 daAuts
     D:7: 539 daAuts
Gauntlet: 238 daAuts
  Temple: 234 daAuts
  Lair:1: 86 daAuts
